AoeStats
← dorHOBBIT

Arabia

509073749Analyzed
1v1 RM · 7d ago on Sep 25, 2026· 41m 51s· 2 players
Game mode
Random Map
Map size
Tiny (2 player)
Population
200
Speed
Normal
Resources
Standard
Victory
Conquest
Starting age
Dark Age
Ending age
Imperial Age
RankedLock teamsTeams togetherTeam positionsShared explorationLock speedFull tech treeHidden civsTurbo modeCheats
Victory
Defeat
🇦🇷 Tatars · Argentina
418
+14
🇩🇪 Romans · Germany
383
-14
dorHOBBIT
11:43 Feudal Age
12:38 Horse Collar
12:45 Double-Bit Axe
15:22 Town Watch
18:02 Forging
17:54 Scale Mail Armor
18:39 Fletching
18:50 Padded Archer Armor
22:27 Man-at-Arms
24:49 Wheelbarrow
27:57 Castle Age
26:20 Gold Mining
28:04 Elite Skirmisher
28:06 Pikeman
28:48 Squires
29:29 Iron Casting
29:10 Chain Mail Armor
29:59 Bow Saw
29:53 Heavy Plow
29:58 Long Swordsman
30:45 Husbandry
31:12 Ballistics
32:04 Masonry
33:45 Stone Mining
35:16 Gold Shaft Mining
34:46 Bodkin Arrow
37:32 Town Patrol
LORD LEOMAN
1:13 Loom
12:33 Feudal Age
14:00 Wheelbarrow
15:06 Double-Bit Axe
15:37 Horse Collar
17:46 Gold Mining
21:53 Bloodlines
25:30 Castle Age
24:16 Stone Mining
25:57 Scale Barding Armor
26:35 Husbandry
29:18 Hand Cart
32:09 Ballistics
31:30 Treadmill Crane
32:53 Gold Shaft Mining
35:07 Chain Barding Armor
35:41 Silk Armor
40:04 Murder Holes
Connection lost

Rejoining the realm…

Still unreachable

The connection could not be restored.

Session expired

The server has moved on; the page needs a fresh start.